 Dungeon Crawl Stone Soup version 0.29.0-5-ge4962eb29e (webtiles) character file.

Game seed: 2395515017564025476

1139 concernfroge the Fighter (level 8, 0/72 HPs)
             Began as a Mummy Monk on Aug 28, 2022.
             Slain by a killer bee (7 damage)
             ... on level 7 of the Dungeon.
             The game lasted 00:20:06 (5559 turns).

concernfroge the Fighter (Mummy Monk)               Turns: 5559, Time: 00:20:06

Health: 0/72       AC:  5    Str: 16    XL:     8   Next: 14%
Magic:  8/8        EV: 12    Int:  9    God:
Gold:   212        SH:  0    Dex: 15    Spells: 7/7 levels left

rFire   x . .      SeeInvis +   e - +6 hand axe
rCold   + . .      Faith    .   (no shield)
rNeg    + + +      Spirit   .   c - +1 leather armour
rPois   ∞          Reflect  .   (no helmet)
rElec   .          Harm     .   (no cloak)
rCorr   .          Rampage  .   i - +0 pair of gloves
Will    +....                   (no boots)
Stlth   ++........              g - amulet of the acrobat
HPRegen 0.22/turn               k - ring of see invisible
MPRegen 0.11/turn               (no ring)

@: no status effects
A: cold resistance 1, negative energy resistance 3, torment resistance 2, heat
vulnerability 1, in touch with death 1, no potions
a: no special abilities


You were on level 7 of the Dungeon.
You visited 1 branch of the dungeon, and saw 7 of its levels.

You collected 212 gold pieces.

Inventory:

Hand Weapons
 a - a +0 spear
 b - a +0 war axe
 e - a +6 hand axe (weapon)
 l - a +0 trident
 m - a +0 battleaxe
Armour
 c - a +1 leather armour (worn)
 i - a +0 pair of gloves (worn)
Jewellery
 g - an amulet of the acrobat (around neck)
 k - a ring of see invisible (left hand)
Wands
 d - a wand of mindburst (15)
 j - a wand of paralysis (13)
Scrolls
 f - a scroll of noise


   Skills:
 - Level 10.0 Fighting
 + Level 1.3(2.1) Axes
 - Level 2.4(2.6) Polearms
 - Level 2.4 Dodging
 - Level 1.5 Stealth


You had 7 spell levels left.
You didn't know any spells.
Your spell library contained the following spells:

 Spells                   Type           Power      Damage    Failure   Level
 Slow                     Hex            0%         N/A       45%         1
 Confusing Touch          Hex            0%         N/A       83%         3
 Dazzling Flash           Conj/Hex       0%         N/A       83%         3
 Gell's Gravitas          Tloc           0%         N/A       83%         3
 Lesser Beckoning         Tloc           0%         N/A       83%         3
 Summon Guardian Golem    Hex/Summ       0%         N/A       83%         3
 Teleport Other           Tloc           0%         N/A       83%         3
 Vampiric Draining        Necr           0%         2d6       83%         3
 Iskenderun's Mystic Bla  Conj/Tloc      0%         2d3       99%         4
 Starburst                Conj/Fire      0%         6d3       100%        6
 Orb of Destruction       Conj           0%         9d5       100%        7
 Spellforged Servitor     Conj/Summ      0%         N/A       100%        7


Dungeon Overview and Level Annotations

Branches:
Dungeon (7/15)
 Temple: D:4-7

Altars:
Uskayaw
Vehumet

Shops:
D:1 ((   D:3 *

Annotations:
D:6 Dowan, Duvessa


Innate Abilities, Weirdness & Mutations

You are immune to poison.
Your flesh is cold resistant. (rC+)
You are immune to negative energy. (rN+++)
You are immune to unholy pain and torment.
You are vulnerable to heat. (rF-)
You are in touch with the powers of death.
You do not drink.


Message History

The killer bee barely misses you.
Okay, then.
Blink to where?
Press: ? - help, Dir - move target
As you read the scroll of blinking, it crumbles to dust.
The killer bee completely misses you.
The killer bee attacks as you move away!
The killer bee stings you.
* * * LOW HITPOINT WARNING * * *
The killer bee attacks as you move away!
The killer bee misses you. x2; The killer bee completely misses you.
The killer bee barely misses you.
The killer bee stings you but does no damage.
The killer bee closely misses you. The killer bee completely misses you.
The killer bee attacks as you move away!
The killer bee completely misses you. The killer bee barely misses you.
The killer bee attacks as you move away!
The killer bee completely misses you. The killer bee misses you.
The killer bee attacks as you move away!
The killer bee barely misses you. The killer bee completely misses you.
You see here a +0 helmet.
The killer bee barely misses you. The killer bee closely misses you.
The killer bee closely misses you. The killer bee completely misses you.
The killer bee closely misses you. The killer bee barely misses you.
The killer bee attacks as you move away!
The killer bee completely misses you. The killer bee stings you.
* * * LOW HITPOINT WARNING * * *
The killer bee attacks as you move away!
The killer bee completely misses you. The killer bee stings you.
* * * LOW HITPOINT WARNING * * *
The killer bee completely misses you. The killer bee completely misses you.
The killer bee misses you.
There is a stone staircase leading up here.
The killer bee stings you!
You die...

#..##.#.# .# ...
#...#.#.####W#..#
##..#.#.§.yyo..#
###..#.######l.##
#....#.# .##
##..##.# .#
#.....# .#
#y##### y. #.y@#
.# ##### y#


You could see 2 killer bees.

Vanquished Creatures
  A water moccasin (D:5)
  A black bear (D:6)
  2 bullfrogs (D:6)
  3 scorpions
  3 wights (D:6)
  2 killer bees (D:7)
  A gnoll bouda (D:5)
  4 iguanas
  5 gnolls
  7 adders
  3 worms (D:2)
  3 dart slugs
  11 orcs
  10 ball pythons
  5 endoplasms
  3 giant cockroaches
  5 goblins
  7 hobgoblins
  8 jackals (D:5)
  4 kobolds
  3 quokkas
  3 bats (D:1)
  4 frilled lizards
  5 rats
103 creatures vanquished.

Vanquished Creatures (collateral kills)
  An orc priest (D:6)
  An orc (D:6)
2 creatures vanquished.

Vanquished Creatures (others)
  5 fungi (D:5)
  28 plants (D:5)
33 creatures vanquished.

Grand Total: 138 creatures vanquished

Notes
Turn   | Place    | Note
-------+----------+-------------------------------------------
     0 | D:1      | concernfroge the Mummy Monk began the quest for the Orb.
     0 | D:1      | Reached XP level 1. HP: 18/18 MP: 1/1
   370 | D:1      | Found a faded altar of an unknown god.
   396 | D:1      | Reached XP level 2. HP: 19/24 MP: 2/2
   609 | D:1      | Found Kaanaite's Weapon Boutique.
   785 | D:1      | Found Suppagha's Weapon Shop.
   838 | D:1      | Reached skill level 4 in Fighting
  1432 | D:2      | Gained mutation: You are in touch with the powers of death.
                  | [Mummy growth]
  1432 | D:2      | Reached XP level 3. HP: 30/30 MP: 3/3
  2030 | D:3      | Found Meofuan's Assorted Antiques.
  2193 | D:3      | Reached XP level 4. HP: 38/38 MP: 4/4
  2214 | D:3      | Reached skill level 5 in Fighting
  2483 | D:3      | Found a radiant altar of Vehumet.
  3348 | D:4      | Reached XP level 5. HP: 46/46 MP: 5/5
  3437 | D:5      | Entered Level 5 of the Dungeon
  3494 | D:5      | Reached skill level 6 in Fighting
  3650 | D:5      | Noticed a water moccasin
  3674 | D:5      | Killed a water moccasin
  3675 | D:5      | Reached XP level 6. HP: 8/53 MP: 6/6
  3970 | D:5      | Reached skill level 7 in Fighting
  4812 | D:6      | Reached skill level 8 in Fighting
  4812 | D:6      | Reached XP level 7. HP: 57/63 MP: 7/7
  5122 | D:6      | Noticed a +0 dagger
  5123 | D:6      | Found a hide-covered altar of Uskayaw.
  5123 | D:6      | Noticed a +0 dagger
  5129 | D:6      | Reached skill level 9 in Fighting
  5404 | D:6      | Noticed Duvessa
  5404 | D:6      | Noticed Dowan
  5511 | D:7      | Reached XP level 8. HP: 60/72 MP: 8/8
  5519 | D:7      | Reached skill level 10 in Fighting
  5526 | D:7      | Reached skill level 1 in Axes
  5559 | D:7      | Slain by a killer bee

Illustrated notes

Levels and vault maps discovered:
D:1:      lemuel_arrival_lava_pool, layout_basic, serial_shops, shop,
          nicolae_shop_waterfront, dreamdust_ecumenical_altar_angels_and_demons,
          chequers_jeans
D:2:      layout_loops_ring, kennysheep_generic_room_10
D:3:      layout_rooms, mainiacjoe_overflow_six_doors_small, serial_shops,
          nicolae_shop_waterfront, due_unseen_surprise
D:4:      layout_gridville, minmay_temple_entry_fiery
D:5:      layout_basic, tgw_fedhas, kennysheep_nub, hex_intersection,
          nicolae_grassy_gnolls
D:6:      layout_gridville, dancing_weapons_uskayaw, uniq_sigmund, uniq_duvessa,
          uniq_eustachio
D:7:      minmay_the_grid_octo_2x2 [minmay_the_grid_octo_focus,
          minmay_the_grid_octo_fat_diamond, minmay_the_grid_octo_clover_2,
          minmay_the_grid_octo_prize_square_snowflake], layout_basic

Skill      XL: |  1  2  3  4  5  6  7  8 |
---------------+-------------------------+-----
Fighting       | 4 5 6 8 9 10 | 10.0
Axes           | 1 |  1.3
Polearms       | |  2.4
Dodging        | |  2.4
Stealth        | |  1.5

Action                   |  1- 3 |  4- 6 |  7- 9 || total
-------------------------+-------+-------+-------++-------
Melee: Spear             |   159 |    51 |       ||   210
       Hand axe          |       |   109 |    70 ||   179
Throw: Dart              |       |    13 |    18 ||    31
       Throwing net      |       |       |     1 ||     1
Evoke: Wand              |       |       |     3 ||     3
  Use: Scroll            |     5 |     8 |     4 ||    17
 Stab: Sleeping          |     5 |     2 |       ||     7
       Distracted        |       |     1 |       ||     1
Armor: Leather armour    |    23 |    23 |    13 ||    59
Dodge: Dodged            |    75 |   112 |    86 ||   273
